Map: 2000 Atmospheres LE

Players

HeroMarine - Winner!

  • Race: Terran Terran

Trap

  • Race: Protoss Protoss

Event: ASUS ROG Fall 2021

VOD

Have the link to the VOD?

Description

Time

  • Played on: Sept. 17, 2021, 9:09 a.m.
  • Length: 9:56

All games in this series

Show
View Real Time Build Order
Export as new Build Order

HeroMarine Terran - Winner!

Build Orders:  

Get SALT Encoding   

  12  0:00  SCV  
  13  0:12  SCV  
  14  0:17  Supply Depot  
  14  0:24  SCV  
  15  0:39  SCV  
  15  0:41  Barracks  
  16  0:43  Refinery  
  16  0:51  SCV  
  17  1:03  SCV  
  18  1:15  SCV  
  19  1:27  Marine  
  19  1:28  Orbital Command  
  20  1:41  Command Center  
  20  1:45  Barracks Reactor  
  20  1:49  Supply Depot  
  20  1:53  SCV  
  21  2:05  SCV  
  22  2:17  SCV  
  22  2:21  Command Center  
  23  2:24  Marine  
  23  2:26  Marine  
  25  2:31  SCV  
  25  2:36  Barracks  
  26  2:42  Reaper  
  26  2:44  Reaper, SCV  
  29  2:53  Barracks  
  29  2:56  SCV  
  30  3:03  Orbital Command  
  30  3:08  SCV  
  31  3:14  Marine  
  31  3:15  Marine  
  32  3:23  Engineering Bay  
  32  3:24  SCV  
  32  3:25  Barracks Tech Lab  
  33  3:29  SCV  
  33  3:31  Marine  
  33  3:33  Marine  
  36  3:36  SCV  
  36  3:40  Orbital Command  
  36  3:41  SCV  
  36  3:42  Marine  
  36  3:43  Marine  
  36  3:47  Stimpack  
  39  3:49  Marine  
  39  3:51  SCV  
  39  3:53  SCV  
  42  3:55  Terran Infantry Weapons Level 1  
  42  3:57  Marine  
  42  4:00  Marine  
  42  4:01  Marine  
  44  4:04  SCV  
  44  4:07  Marine  
  44  4:08  SCV x2  
  46  4:16  SCV  
  46  4:17  Marine  
  46  4:19  Refinery  
  46  4:20  SCV x2  
  46  4:22  Marine  
  46  4:23  Marine  
  51  4:26  Marine  
  51  4:28  SCV  
  53  4:31  Factory  
  53  4:32  SCV x2  
  53  4:35  Marine, Missile Turret  
  56  4:40  Marine, SCV  
  56  4:41  Refinery, Marine  
  56  4:44  Marine, SCV  
  61  4:47  SCV  
  60  4:53  SCV  
  60  4:54  Marine  
  60  4:56  SCV  
  61  5:00  Marine  
  61  5:03  Supply Depot, SCV  
  61  5:06  SCV  
  61  5:07  Supply Depot  
  61  5:08  Supply Depot  
  61  5:12  Marine x2  
  61  5:13  Marauder  
  65  5:16  Factory Reactor  
  65  5:17  Refinery, Starport  
  65  5:19  SCV  
  65  5:20  SCV x2  
  65  5:21  Missile Turret  
  67  5:23  Barracks Tech Lab  
  64  5:30  Marine x2  
  64  5:34  Marauder  
  64  5:35  SCV  
  66  5:38  SCV  
  66  5:39  SCV  
  66  5:41  Marine  
  68  5:47  SCV  
  71  5:50  SCV  
  71  5:51  SCV  
  73  5:58  Barracks  
  73  5:59  SCV, Barracks  
  73  6:03  Combat Shield, Medivac  
  75  6:05  Medivac  
  75  6:06  Orbital Command  
  75  6:08  Marine, Marauder x2  
  75  6:10  Marine  
  80  6:11  Factory Reactor  
  80  6:12  Concussive Shells  
  80  6:14  SCV  
  80  6:15  SCV  
  80  6:16  Supply Depot  
  82  6:23  Supply Depot  
  82  6:27  SCV x2  
  82  6:30  Marine  
  82  6:31  Marine  
  86  6:34  SCV  
  86  6:35  Marine x2  
  86  6:39  SCV x2  
  91  6:46  SCV, Medivac, Missile Turret  
  94  6:47  Medivac  
  94  6:48  Marine x2, Barracks Reactor  
  94  6:51  SCV x2, Barracks Tech Lab  
  94  6:52  Marine, Widow Mine  
  94  6:53  Marine, Widow Mine  
  106  6:56  Terran Infantry Armor Level 1  
  106  6:57  Supply Depot  
  106  6:58  SCV  
  107  7:02  Supply Depot  
  107  7:03  SCV x2  
  107  7:07  Missile Turret  
  109  7:14  Marine  
  109  7:18  Marine  
  109  7:19  Supply Depot, Widow Mine, Marauder x2  
  109  7:20  Supply Depot  
  116  7:25  Widow Mine  
  116  7:28  Marine x2, SCV x2, Medivac  
  116  7:29  Marauder  
  125  7:31  Refinery x2  
  125  7:33  SCV  
  125  7:34  Armory, Engineering Bay  
  125  7:41  Marine, Medivac, Marauder  
  125  7:42  Supply Depot  
  125  7:43  Supply Depot, Marauder  
  125  7:44  Supply Depot, Widow Mine  
  134  7:46  Marine, Widow Mine  
  134  7:50  Marine x2, Marauder  
  141  8:00  Marine  
  141  8:01  SCV  
  141  8:02  SCV  
  141  8:03  Marine, SCV  
  141  8:04  Marine x2  
  145  8:06  Medivac  
  145  8:08  Marine x2  
  145  8:11  Marine, Medivac  
  152  8:15  Widow Mine x2  
  152  8:18  Supply Depot  
  155  8:22  Marauder x2  
  159  8:27  Command Center  
  159  8:29  Marauder  
  159  8:33  Marine x2  
  158  8:36  Widow Mine x2, Medivac  
  158  8:37  Marine  
  162  8:43  Marauder  
  162  8:44  Marauder  
  162  8:46  Medivac  
  166  8:57  Widow Mine  
  166  8:58  Widow Mine  
  166  9:02  Marine x2, Marauder  
  172  9:05  Marauder  
  165  9:12  Medivac  
  165  9:15  Marauder  
  165  9:16  Medivac  
  167  9:17  Marine  
  167  9:18  Marine  
  167  9:19  Widow Mine x2  
  173  9:24  Marine  
  173  9:25  Marauder  
  173  9:26  Marauder  
  173  9:28  Supply Depot  
  169  9:38  Marine x2  
Show
View Real Time Build Order
Export as new Build Order

Trap Protoss 

Build Orders: 1 Gate Expand, Phoenix Opening, Zealot Archon 

Get SALT Encoding   

  12  0:00  Probe  
  13  0:12  Probe  
  14  0:18  Pylon  
  14  0:24  Probe (Chrono Boost)  
  15  0:36  Gateway, Probe (Chrono Boost)  
  16  0:44  Probe (Chrono Boost)  
  16  0:46  Assimilator  
  17  0:51  Probe  
  18  1:03  Probe  
  19  1:15  Probe  
  20  1:24  Cybernetics Core  
  20  1:33  Nexus  
  20  1:39  Pylon  
  20  1:42  Probe  
  21  1:47  Assimilator  
  21  1:54  Probe  
  21  1:57  Adept (Chrono Boost)  
  24  2:06  Probe  
  25  2:18  Probe  
  25  2:19  Adept (Chrono Boost), Stargate  
  28  2:30  Probe, Warp Gate  
  28  2:41  Adept  
  31  2:45  Probe (Chrono Boost)  
  31  2:47  Probe (Chrono Boost)  
  32  2:54  Probe (Chrono Boost)  
  32  2:57  Probe (Chrono Boost)  
  34  2:59  Probe (Chrono Boost)  
  34  3:02  Phoenix (Chrono Boost)  
  37  3:07  Probe  
  37  3:11  Probe  
  39  3:19  Probe  
  40  3:22  Phoenix (Chrono Boost)  
  40  3:24  Probe  
  43  3:27  Pylon  
  43  3:31  Probe  
  44  3:34  Gateway  
  44  3:36  Probe  
  45  3:43  Gateway, Probe  
  45  3:46  Phoenix (Chrono Boost)  
  48  3:49  Probe  
  48  3:55  Probe  
  50  3:56  Pylon  
  50  4:03  Phoenix (Chrono Boost)  
  50  4:08  Probe x2  
  52  4:16  Nexus  
  50  4:20  Stalker  
  50  4:23  Probe x2  
  54  4:28  Stalker  
  56  4:33  Assimilator  
  56  4:35  Assimilator  
  56  4:37  Stalker  
  58  4:42  Pylon  
  58  4:46  Shield Battery, Probe  
  58  4:47  Probe  
  60  4:55  Stalker  
  62  5:00  Probe x2  
  64  5:09  Forge  
  64  5:12  Twilight Council  
  64  5:14  Probe x2 (Chrono Boost)  
  64  5:16  Pylon  
  66  5:26  Probe x2 (Chrono Boost)  
  68  5:34  Adept x2, Sentry  
  68  5:35  Probe (Chrono Boost)  
  74  5:36  Probe (Chrono Boost)  
  74  5:38  Phoenix  
  74  5:43  Gateway x2, Probe  
  74  5:44  Probe  
  74  5:45  Gateway  
  76  5:50  Shield Battery  
  76  5:51  Probe (Chrono Boost)  
  76  5:52  Charge (Chrono Boost)  
  76  5:56  Sentry, Zealot  
  81  6:00  Protoss Ground Weapons Level 1 (Chrono Boost)  
  83  6:04  Probe x2 (Chrono Boost)  
  83  6:06  Sentry  
  83  6:10  Probe (Chrono Boost)  
  86  6:14  Probe x3 (Chrono Boost)  
  89  6:22  Gateway x2  
  89  6:24  Gateway, Probe  
  90  6:30  Probe x2  
  92  6:33  Pylon  
  92  6:35  Pylon  
  92  6:36  Probe  
  93  6:48  Assimilator  
  93  6:49  Assimilator, Templar Archives  
  93  6:51  Phoenix  
  93  6:52  Zealot  
  93  6:53  Zealot x2  
  101  6:55  Pylon  
  101  6:57  Zealot x2  
  101  6:59  Pylon  
  105  7:02  Zealot  
  105  7:06  Photon Cannon, Gateway  
  107  7:09  Pylon  
  107  7:11  Pylon  
  107  7:19  Zealot x4  
  115  7:24  Phoenix  
  115  7:27  High Templar  
  115  7:28  High Templar, Zealot  
  123  7:30  Probe x2  
  123  7:31  Probe  
  123  7:33  Archon  
  126  7:39  Zealot x2  
  130  7:44  Pylon  
  130  7:46  Pylon  
  130  7:52  Nexus, Protoss Ground Armor Level 1 (Chrono Boost)  
  130  7:55  Pylon  
  130  8:07  High Templar  
  130  8:08  High Templar x3, Zealot  
  130  8:09  Zealot x4  
  148  8:14  Archon  
  148  8:15  Archon  
  148  8:17  Photon Cannon  
  148  8:19  Photon Cannon  
  148  8:21  Shield Battery  
  148  8:23  Pylon  
  144  8:43  Zealot x6  
  156  8:49  Robotics Facility  
  156  8:51  Pylon  
  156  8:52  Pylon  
  156  8:54  Pylon  
  152  9:11  Nexus  
  152  9:13  Zealot x4  
  152  9:14  Zealot x5  
  86  9:39  Zealot x9  
Tags
 
Add a new tag
Caveats
  • Supply blocks, unpowered buildings, or Contaminate may cause inaccurate times.
  • Supply counts are checked every 10 seconds.